Spitfire vs Punishers
(R1)
Created - 22 mai 2013 at 20:37
Goals
|
| Spitfire |
0 |
1 |
1 |
2 |
| Punishers |
2 |
2 |
4 |
8 |
|
Shots
|
| Spitfire |
6 |
9 |
10 |
25 |
| Punishers |
11 |
7 |
13 |
31 |
|
1st period
1. Punishers , Mike Grier 54 (Dave Bolland, Jassen Cullimore) at 12:04
2. Punishers , Mike Grier 55 (Viktor Stalberg, Dave Bolland) at 16:35 (PP)
Penalties :
Alyn McCauley (Pro) for Diving (Minor) at 7:20, Kris Beech (Val) for Tripping (Minor) at 16:25, Mark Fraser (Pro) for Tripping (Minor) at 18:38
2nd period
3. Punishers , Petteri Nokelainen 16 (Adam Pineault, Jassen Cullimore) at 9:53
4. Punishers , Kris Chucko 19 (Adam Pineault) at 11:49
5. Spitfire , Ryan Callahan 44 (Sergei Brylin, Brandon Dubinsky) at 13:13
Penalties :
Kris Chucko (Pro) for Cross-checking (Minor) at 2:46, Erik Condra (Val) for Roughing (Minor) at 7:39, Mathieu Roy (Val) for High sticking (Minor) at 15:27
3rd period
6. Punishers , Mike Grier 56 (Dave Bolland, Viktor Stalberg) at 1:30
7. Punishers , Jimmie Olvestad 42 (Adam McQuaid, Jean-Luc Grand-Pierre) at 2:53 (PP)
8. Spitfire , Brad Staubitz 3 (Sandis Ozolinsh, Matt Walker) at 5:18
9. Punishers , Viktor Stalberg 29 (Mike Grier, Dave Bolland) at 9:57
10. Punishers , Dave Bolland 45 (Viktor Stalberg) at 14:54
Penalties :
Sergei Brylin (Val) for Interference (Minor) at 1:33, Tim Kennedy (Val) for Holding (Minor) at 1:40, Alyn McCauley (Pro) for Fighting (Major) at 8:22, Martin Samuelsson (Val) for Fighting (Major) at 8:22, Mike Grier (Pro) for Fighting (Major) at 10:12, Sergei Brylin (Val) for Fighting (Major) at 10:12, Sergei Brylin (Val) for instigated a fight (Minor) at 10:12, Sergei Brylin (Val) for instigated a fight (10 Minutes Misconduct) at 10:12, Dave Bolland (Pro) for Slashing (Minor) at 15:10
Goalie Stats
Marc Denis (Val), 14 saves from 18 shots - (0,778), L, 39-23-5, 31:49 minutes
Yann Danis (Val), 9 saves from 13 shots - (0,692), 28:11 minutes
Karri Ramo (Pro), 23 saves from 25 shots - (0,920), W, 36-21-4, 60:00 minutes
Players Stats for Spitfire
Player Name G A P +/- PIM S H SB GA TA FO MP PP MP PK MP
------------------------------------------------------------------------------------
Aaron Johnson 0 0 0 0 0 0 0 0 0 1 0/0 11:11 0:00 1:01
Brad Staubitz 1 0 1 -1 0 1 1 0 0 0 0/0 8:31 0:07 0:00
Brandon Dubinsky 0 1 1 -1 0 2 3 2 0 0 16/30 22:29 4:05 3:23
David Krejci 0 0 0 -2 0 1 2 0 0 1 2/8 14:53 3:44 0:22
Denis Shvidki 0 0 0 -2 0 1 1 1 0 1 0/0 15:34 3:44 1:03
Devin Didiomete 0 0 0 0 0 0 0 0 0 0 0/0 0:11 0:00 0:11
Erik Condra 0 0 0 0 2 0 3 0 0 0 0/2 10:15 0:00 0:00
Keaton Ellerby 0 0 0 -2 0 1 2 3 0 0 0/0 23:17 3:11 3:44
Kris Beech 0 0 0 -1 2 1 2 0 0 0 0/4 12:08 0:47 0:00
Marc-Antoine Pouliot 0 0 0 -1 0 2 2 0 1 0 2/6 8:56 0:29 0:00
Martin Samuelsson 0 0 0 -2 5 0 2 0 0 1 1/2 14:55 3:47 1:04
Mathieu Roy 0 0 0 -2 2 2 3 2 1 0 0/0 23:43 3:11 2:27
Matt Walker 0 1 1 -2 0 2 0 4 1 1 0/0 29:57 4:45 4:45
Paul Bissonnette 0 0 0 -1 0 1 0 0 0 0 0/0 9:06 0:00 0:52
Ryan Callahan 1 0 1 -1 0 5 1 0 0 0 1/4 23:00 4:05 3:50
Sandis Ozolinsh 0 1 1 -2 0 2 1 2 0 0 0/0 31:14 4:45 4:29
Sergei Brylin 0 1 1 0 19 4 2 0 0 1 2/5 19:04 3:00 2:47
Tim Kennedy 0 0 0 0 2 0 2 0 0 1 0/3 12:03 0:00 1:40
Players Stats for Punishers
Player Name G A P +/- PIM S H SB GA TA FO MP PP MP PK MP
------------------------------------------------------------------------------------
Adam McQuaid 0 1 1 1 0 0 0 3 0 0 0/0 13:52 3:26 0:45
Adam Pineault 0 2 2 2 0 2 2 0 0 1 0/0 11:32 1:01 0:00
Alyn McCauley 0 0 0 0 7 2 3 0 0 0 8/12 14:44 2:27 2:10
Chris Conner 0 0 0 0 0 1 0 0 0 0 1/2 13:48 3:22 0:00
Dave Bolland 1 4 5 2 2 2 2 3 1 0 17/31 22:11 4:45 1:56
Jassen Cullimore 0 2 2 4 0 3 0 1 0 1 0/0 29:37 4:47 4:59
Jean-Luc Grand-Pierre 0 1 1 -1 0 2 0 1 0 0 0/0 20:07 3:26 2:57
Jimmie Olvestad 1 0 1 0 0 2 1 0 2 0 1/1 15:11 3:20 1:18
Joe Vitale 0 0 0 1 0 0 0 0 0 0 1/3 9:22 0:42 0:12
Justin Falk 0 0 0 0 0 0 0 0 0 0 0/0 3:52 0:00 0:00
Kirk Maltby 0 0 0 1 0 2 0 2 1 0 0/0 14:06 0:11 4:27
Kris Chucko 1 0 1 1 2 2 0 1 0 0 1/1 10:34 0:00 1:47
Marc-André Bergeron 0 0 0 -1 0 2 0 1 0 0 0/0 17:56 4:47 0:00
Mark Fraser 0 0 0 4 2 0 1 0 0 0 0/0 20:38 0:00 3:36
Mike Blunden 0 0 0 1 0 0 1 0 0 1 0/0 8:51 0:14 0:00
Mike Grier 3 1 4 1 5 5 1 0 1 0 5/7 21:57 3:44 4:05
Mike Weber 0 0 0 1 0 1 2 2 1 0 0/0 14:01 0:00 3:35
Petteri Nokelainen 1 0 1 1 0 2 0 0 0 0 6/7 9:33 0:08 0:00
Stu Bickel 0 0 0 0 0 0 0 0 0 0 0/0 0:00 0:00 0:00
Viktor Stalberg 1 3 4 2 0 3 2 0 1 0 0/0 20:09 4:45 0:00
3 Stars
1 - Dave Bolland (Pro)
2 - Viktor Stalberg (Pro)
3 - Mike Grier (Pro)
Power Play
Spitfire - 0 on 4 Attempt(s) - 0,00%
Punishers - 2 on 6 Attempt(s) - 33,33%
Penalty Kill
Spitfire - 4 on 6 Attempt(s) - 66,67%
- Score 0 goal in Penalty Kill
Punishers - 4 on 4 Attempt(s) - 100,00%
- Score 0 goal in Penalty Kill
Official
Referees : Rehman Kyle and Pochmara Brian
Linesman : Jean Morin and Tim Nowak
Game Notes
Yann Danis enters game at 11:49 of 2nd period
Mike Grier has scored a Hat Trick!
Alyn McCauley and Martin Samuelsson fight to a draw at 8:22 of 3rd period
Mike Grier and Sergei Brylin fight to a draw at 10:12 of 3rd period
Finance
Level 1 -- Attendance: 1632 (81,60%) -- Ticket Income 57 120 $
Level 2 -- Attendance: 735 (73,50%) -- Ticket Income 11 025 $
Total Attendance: 2367 (78,90%)
Total Ticket Income: 68 145 $
Other Income: 3 407 $
Total Income: 71 552 $
Spitfire
5 vs 5 Forward
Center Left Wing Right Wing Time % Phy DF OF
1 Brandon Dubinsky Sergei Brylin Ryan Callahan 40 1 2 2
2 David Krejci Martin Samuelsson Denis Shvidki 30 1 2 2
3 Kris Beech Tim Kennedy Erik Condra 20 1 2 2
4 Marc-Antoine Pouliot Paul Bissonnette Brad Staubitz 10 1 2 2
5 vs 5 Defense
Defense Defense Time % Phy DF OF
1 Sandis Ozolinsh Matt Walker 40 1 2 2
2 Mathieu Roy Keaton Ellerby 30 1 2 2
3 Aaron Johnson Sandis Ozolinsh 20 1 2 2
4 Matt Walker Mathieu Roy 10 1 2 2
PowerPlay Forward
Center Left Wing Right Wing Time % Phy DF OF
1 Brandon Dubinsky Sergei Brylin Ryan Callahan 60 1 2 2
2 David Krejci Martin Samuelsson Denis Shvidki 40 1 2 2
PowerPlay Defense
Defense Defense Time % Phy DF OF
1 Sandis Ozolinsh Matt Walker 60 1 2 2
2 Mathieu Roy Keaton Ellerby 40 1 2 2
Penalty Kill 4 Players Forward
Center Wing Time % Phy DF OF
1 Sergei Brylin Ryan Callahan 60 1 2 2
2 Denis Shvidki Brandon Dubinsky 40 1 2 2
Penalty Kill 4 Players Defense
Defense Defense Time % Phy DF OF
1 Sandis Ozolinsh Matt Walker 60 1 2 2
2 Mathieu Roy Keaton Ellerby 40 1 2 2
Penalty Kill - 3 Players Forward
Forward Time % Phy DF OF
1 Sergei Brylin 60 1 2 2
2 Ryan Callahan 40 1 2 2
Penalty Kill - 3 Players Defense
Defense Defense Time % Phy DF OF
1 Sandis Ozolinsh Matt Walker 60 1 2 2
2 Mathieu Roy Keaton Ellerby 40 1 2 2
4 vs 4 Forward
Center Wing Time % Phy DF OF
1 Sergei Brylin Ryan Callahan 60 1 2 2
2 Denis Shvidki Brandon Dubinsky 40 1 2 2
4 vs 4 Defense
Defense Defense Time % Phy DF OF
1 Sandis Ozolinsh Matt Walker 60 1 2 2
2 Mathieu Roy Keaton Ellerby 40 1 2 2
Last Minutes Offensive
Center Left Wing Right Wing Defense Defense
Brandon Dubinsky Sergei Brylin Ryan Callahan Sandis Ozolinsh Matt Walker
Last Minutes Defensive
Center Left Wing Right Wing Defense Defense
Brandon Dubinsky Sergei Brylin Ryan Callahan Sandis Ozolinsh Matt Walker
Goaltenders
Starting : Marc Denis
Backup : Yann Danis
Extra Forwards
Normal : Kris Beech, Marc-Antoine Pouliot, Tim Kennedy - PP : Kris Beech, Marc-Antoine Pouliot - PK : Tim Kennedy
Extra Defensemen
Normal : Aaron Johnson, Keaton Ellerby, Sandis Ozolinsh - PP : Aaron Johnson - PK : Keaton Ellerby, Sandis Ozolinsh
Penalty Shots
Sergei Brylin, Ryan Callahan, Denis Shvidki, Brandon Dubinsky, Martin Samuelsson
Punishers
5 vs 5 Forward
Center Left Wing Right Wing Time % Phy DF OF
1 Dave Bolland Viktor Stalberg Mike Grier 40 1 2 2
2 Alyn McCauley Jimmie Olvestad Chris Conner 30 1 2 2
3 Petteri Nokelainen Kirk Maltby Adam Pineault 20 1 2 2
4 Joe Vitale Kris Chucko Mike Blunden 10 1 2 2
5 vs 5 Defense
Defense Defense Time % Phy DF OF
1 Mark Fraser Jassen Cullimore 40 1 2 2
2 Jean-Luc Grand-Pierre Marc-André Bergeron 30 1 2 2
3 Adam McQuaid Mike Weber 20 1 2 2
4 Justin Falk Jassen Cullimore 10 1 2 2
PowerPlay Forward
Center Left Wing Right Wing Time % Phy DF OF
1 Dave Bolland Viktor Stalberg Mike Grier 60 1 2 2
2 Alyn McCauley Jimmie Olvestad Chris Conner 40 1 2 2
PowerPlay Defense
Defense Defense Time % Phy DF OF
1 Jassen Cullimore Marc-André Bergeron 60 1 2 2
2 Jean-Luc Grand-Pierre Adam McQuaid 40 1 2 2
Penalty Kill 4 Players Forward
Center Wing Time % Phy DF OF
1 Mike Grier Kirk Maltby 60 1 2 2
2 Alyn McCauley Dave Bolland 40 1 2 2
Penalty Kill 4 Players Defense
Defense Defense Time % Phy DF OF
1 Mark Fraser Jassen Cullimore 60 1 2 2
2 Jean-Luc Grand-Pierre Mike Weber 40 1 2 2
Penalty Kill - 3 Players Forward
Forward Time % Phy DF OF
1 Mike Grier 60 1 2 2
2 Kirk Maltby 40 1 2 2
Penalty Kill - 3 Players Defense
Defense Defense Time % Phy DF OF
1 Mark Fraser Jassen Cullimore 60 1 2 2
2 Jean-Luc Grand-Pierre Mike Weber 40 1 2 2
4 vs 4 Forward
Center Wing Time % Phy DF OF
1 Dave Bolland Viktor Stalberg 60 1 2 2
2 Alyn McCauley Mike Grier 40 1 2 2
4 vs 4 Defense
Defense Defense Time % Phy DF OF
1 Jassen Cullimore Marc-André Bergeron 60 1 2 2
2 Jean-Luc Grand-Pierre Stu Bickel 40 1 2 2
Last Minutes Offensive
Center Left Wing Right Wing Defense Defense
Dave Bolland Viktor Stalberg Mike Grier Jassen Cullimore Marc-André Bergeron
Last Minutes Defensive
Center Left Wing Right Wing Defense Defense
Alyn McCauley Kirk Maltby Mike Grier Jassen Cullimore Jean-Luc Grand-Pierre
Goaltenders
Starting : Karri Ramo
Backup : Curtis McElhinney
Extra Forwards
Normal : Viktor Stalberg, Adam Pineault, Kris Chucko - PP : Viktor Stalberg, Adam Pineault - PK : Kris Chucko
Extra Defensemen
Normal : Mark Fraser, Mike Weber, Adam McQuaid - PP : Mark Fraser - PK : Mike Weber, Adam McQuaid
Penalty Shots
Viktor Stalberg, Jimmie Olvestad, Chris Conner, Dave Bolland, Alyn McCauley
% Time on Ice - Spitfire
Lines # - Real PCT - Wanted PCT - Time Play
Normal Forward
1 - 35% - 40% - 15:13
2 - 25% - 30% - 10:47
3 - 23% - 20% - 10:13
4 - 17% - 10% - 7:38
Normal Defense
1 - 38% - 40% - 16:34
2 - 36% - 30% - 15:43
3 - 19% - 20% - 8:19
4 - 7% - 10% - 3:15
PP Forward
1 - 53% - 60% - 4:12
2 - 47% - 40% - 3:44
PP Defense
1 - 60% - 60% - 4:45
2 - 40% - 40% - 3:11
PK Forward
1 - 85% - 60% - 5:57
2 - 15% - 40% - 1:03
PK Defense
1 - 50% - 60% - 3:29
2 - 50% - 40% - 3:31
PK3 Forward
1 - 100% - 60% - 1:13
2 - 0% - 40% - 0:00
PK3 Defense
1 - 68% - 60% - 0:50
2 - 32% - 40% - 0:23
44 Forward
1 - 0% - 60%
2 - 0% - 40%
44 Defense
1 - 0% - 60%
2 - 0% - 40%
Last Minute Offensive - 0:00
Last Minute Defensive - 0:00
Total
Forward - 60:00
Defense - 60:00
|
% Time on Ice - Punishers
Lines # - Real PCT - Wanted PCT - Time Play
Normal Forward
1 - 36% - 40% - 15:41
2 - 24% - 30% - 10:30
3 - 21% - 20% - 9:18
4 - 19% - 10% - 8:22
Normal Defense
1 - 39% - 40% - 16:57
2 - 32% - 30% - 14:11
3 - 20% - 20% - 8:51
4 - 9% - 10% - 3:52
PP Forward
1 - 61% - 60% - 5:01
2 - 39% - 40% - 3:12
PP Defense
1 - 58% - 60% - 4:47
2 - 42% - 40% - 3:26
PK Forward
1 - 70% - 60% - 5:32
2 - 30% - 40% - 2:24
PK Defense
1 - 63% - 60% - 4:59
2 - 37% - 40% - 2:57
PK3 Forward
1 - 0% - 60%
2 - 0% - 40%
PK3 Defense
1 - 0% - 60%
2 - 0% - 40%
44 Forward
1 - 0% - 60%
2 - 0% - 40%
44 Defense
1 - 0% - 60%
2 - 0% - 40%
Last Minute Offensive - 0:00
Last Minute Defensive - 0:00
Total
Forward - 60:00
Defense - 60:00
|
Play by Play
1st period
0:01 of 1st period - Mike Grier wins face-off versus Brandon Dubinsky in neutral zone.
0:09 of 1st period - Slapshot by Ryan Callahan.
0:09 of 1st period - Shot Misses the Net.
0:32 of 1st period - Snap shot by Jimmie Olvestad.
0:32 of 1st period - Shot Misses the Net.
1:19 of 1st period - Slapshot by Marc-André Bergeron.
1:19 of 1st period - Stopped by Marc Denis without a rebound.
1:20 of 1st period - Petteri Nokelainen wins face-off versus Kris Beech in Spitfire zone.
2:11 of 1st period - Jassen Cullimore is hit by Mathieu Roy and loses puck.
2:30 of 1st period - Mike Weber is hit by Erik Condra.
2:52 of 1st period - Wrist shot by Adam Pineault.
2:52 of 1st period - Stopped by Marc Denis without a rebound.
2:53 of 1st period - Petteri Nokelainen wins face-off versus Marc-Antoine Pouliot in Spitfire zone.
2:54 of 1st period - Snap shot by Kirk Maltby.
2:54 of 1st period - Shot Misses the Net.
2:56 of 1st period - Slapshot by Petteri Nokelainen.
2:56 of 1st period - Shot Blocked by Matt Walker.
2:58 of 1st period - Snap shot by Jean-Luc Grand-Pierre.
2:58 of 1st period - Shot Blocked by Matt Walker.
3:00 of 1st period - Slapshot by Jean-Luc Grand-Pierre.
3:00 of 1st period - Deflect By Marc-Antoine Pouliot.
3:00 of 1st period - Stopped by Marc Denis without a rebound.
3:01 of 1st period - Dave Bolland wins face-off versus Marc-Antoine Pouliot in Spitfire zone.
3:22 of 1st period - Snap shot by Sandis Ozolinsh.
3:22 of 1st period - Stopped by Karri Ramo without a rebound.
3:23 of 1st period - Alyn McCauley wins face-off versus Brandon Dubinsky in Punishers zone.
3:23 of 1st period - Alyn McCauley is hit by Brandon Dubinsky.
3:49 of 1st period - Martin Samuelsson is hit by Dave Bolland and loses puck.
4:11 of 1st period - Icing by Matt Walker.
4:12 of 1st period - Petteri Nokelainen wins face-off versus Erik Condra in Spitfire zone.
4:25 of 1st period - Backhand shot by Kirk Maltby.
4:25 of 1st period - Shot Hit the Post.
4:27 of 1st period - Slapshot by Marc-André Bergeron.
4:27 of 1st period - Stopped by Marc Denis with a rebound.
4:39 of 1st period - Snap shot by Viktor Stalberg.
4:39 of 1st period - Shot Misses the Net.
5:19 of 1st period - Jassen Cullimore is hit by Marc-Antoine Pouliot.
5:34 of 1st period - Wrist shot by Kris Chucko.
5:34 of 1st period - Stopped by Marc Denis without a rebound.
5:35 of 1st period - Alyn McCauley wins face-off versus Erik Condra in Spitfire zone.
6:00 of 1st period - Jean-Luc Grand-Pierre is hit by Ryan Callahan and loses puck.
6:19 of 1st period - Snap shot by Kirk Maltby.
6:19 of 1st period - Shot Misses the Net.
6:25 of 1st period - Slapshot by David Krejci.
6:25 of 1st period - Shot Blocked by Kirk Maltby.
6:47 of 1st period - Snap shot by Alyn McCauley.
6:47 of 1st period - Deflect By Jimmie Olvestad.
6:47 of 1st period - Stopped by Marc Denis with a rebound.
7:09 of 1st period - Wrist shot by Tim Kennedy.
7:09 of 1st period - Shot Blocked by Dave Bolland.
7:11 of 1st period - Slapshot by Matt Walker.
7:11 of 1st period - Stopped by Karri Ramo without a rebound.
7:12 of 1st period - Alyn McCauley wins face-off versus Brandon Dubinsky in Punishers zone.
7:20 of 1st period - Minor Penalty to Alyn McCauley for Diving.
7:21 of 1st period - Brandon Dubinsky wins face-off versus Mike Grier in Punishers zone.
7:46 of 1st period - Sandis Ozolinsh is hit by Mark Fraser and loses puck.
9:20 of 1st period - Penalty to Alyn McCauley is over, Alyn McCauley is back on ice.
9:44 of 1st period - Off-side.
9:45 of 1st period - Marc-Antoine Pouliot wins face-off versus Joe Vitale in neutral zone.
9:56 of 1st period - Slapshot by Mathieu Roy.
9:56 of 1st period - Stopped by Karri Ramo with a rebound.
10:33 of 1st period - Snap shot by Mike Grier.
10:33 of 1st period - Shot Misses the Net.
11:00 of 1st period - Snap shot by Alyn McCauley.
11:00 of 1st period - Stopped by Marc Denis with a rebound.
11:41 of 1st period - Snap shot by Kirk Maltby.
11:41 of 1st period - Shot Blocked by Keaton Ellerby.
12:02 of 1st period - Slapshot by Dave Bolland.
12:02 of 1st period - Stopped by Marc Denis with a rebound.
12:04 of 1st period - Wrist shot by Mike Grier.
12:04 of 1st period - Goal by Mike Grier - Spitfire : 0 - Punishers : 1.
12:05 of 1st period - Dave Bolland wins face-off versus Ryan Callahan in neutral zone.
12:35 of 1st period - Wrist shot by Jimmie Olvestad.
12:35 of 1st period - Shot Blocked by Denis Shvidki.
12:37 of 1st period - Snap shot by Chris Conner.
12:37 of 1st period - Shot Blocked by Matt Walker.
13:05 of 1st period - Kris Beech is hit by Adam Pineault and loses puck.
13:31 of 1st period - Icing by Marc-André Bergeron.
13:32 of 1st period - Marc-Antoine Pouliot wins face-off versus Joe Vitale in Punishers zone.
13:33 of 1st period - Slapshot by Mathieu Roy.
13:33 of 1st period - Shot Blocked by Kris Chucko.
15:30 of 1st period - Snap shot by Ryan Callahan.
15:30 of 1st period - Shot Misses the Net.
15:32 of 1st period - Wrist shot by Brandon Dubinsky.
15:32 of 1st period - Shot Blocked by Adam McQuaid.
15:34 of 1st period - Slapshot by Brandon Dubinsky.
15:34 of 1st period - Shot Blocked by Adam McQuaid.
15:36 of 1st period - Slapshot by Sergei Brylin.
15:36 of 1st period - Stopped by Karri Ramo without a rebound.
15:37 of 1st period - David Krejci wins face-off versus Alyn McCauley in Punishers zone.
15:44 of 1st period - Martin Samuelsson is hit by Alyn McCauley and loses puck.
16:25 of 1st period - Minor Penalty to Kris Beech for Tripping.
16:26 of 1st period - Dave Bolland wins face-off versus Sergei Brylin in Spitfire zone.
16:31 of 1st period - Slapshot by Viktor Stalberg.
16:31 of 1st period - Stopped by Marc Denis without a rebound.
16:32 of 1st period - Dave Bolland wins face-off versus Sergei Brylin in Spitfire zone.
16:35 of 1st period - Slapshot by Viktor Stalberg.
16:35 of 1st period - Deflect By Mike Grier.
16:35 of 1st period - Goal by Mike Grier - Spitfire : 0 - Punishers : 2.
16:36 of 1st period - Dave Bolland wins face-off versus Brandon Dubinsky in neutral zone.
16:59 of 1st period - Icing by Dave Bolland.
17:00 of 1st period - Dave Bolland wins face-off versus David Krejci in Punishers zone.
17:33 of 1st period - Snap shot by Kirk Maltby.
17:33 of 1st period - Shot Blocked by Mathieu Roy.
17:35 of 1st period - Snap shot by Kirk Maltby.
17:35 of 1st period - Deflect By Petteri Nokelainen.
17:35 of 1st period - Shot Blocked by Keaton Ellerby.
17:35 of 1st period - Puck is out of play.
17:36 of 1st period - Brandon Dubinsky wins face-off versus Dave Bolland in Spitfire zone.
17:47 of 1st period - Wrist shot by Brandon Dubinsky.
17:47 of 1st period - Stopped by Karri Ramo without a rebound.
17:48 of 1st period - Ryan Callahan wins face-off versus Dave Bolland in Punishers zone.
17:49 of 1st period - Snap shot by Sergei Brylin.
17:49 of 1st period - Shot Blocked by Jassen Cullimore.
18:37 of 1st period - Slapshot by Sandis Ozolinsh.
18:37 of 1st period - Deflect By Ryan Callahan.
18:37 of 1st period - Deflect By Jassen Cullimore.
18:37 of 1st period - Stopped by Karri Ramo with a rebound.
18:38 of 1st period - Minor Penalty to Mark Fraser for Tripping.
18:39 of 1st period - Mike Grier wins face-off versus David Krejci in Punishers zone.
18:39 of 1st period - Mike Grier is hit by Mathieu Roy.
2nd period
0:01 of 2nd period - Brandon Dubinsky wins face-off versus Mike Grier in neutral zone.
0:38 of 2nd period - Penalty to Mark Fraser is over, Mark Fraser is back on ice.
0:53 of 2nd period - Snap shot by Kris Chucko.
0:53 of 2nd period - Shot Misses the Net.
0:55 of 2nd period - Wrist shot by Mike Weber.
0:55 of 2nd period - Stopped by Marc Denis with a rebound.
0:57 of 2nd period - Snap shot by Kris Chucko.
0:57 of 2nd period - Shot Misses the Net.
1:09 of 2nd period - Snap shot by Kris Beech.
1:09 of 2nd period - Stopped by Karri Ramo with a rebound.
1:11 of 2nd period - Slapshot by Mathieu Roy.
1:11 of 2nd period - Stopped by Karri Ramo with a rebound.
1:13 of 2nd period - Snap shot by Keaton Ellerby.
1:13 of 2nd period - Shot Blocked by Kirk Maltby.
1:15 of 2nd period - Slapshot by Marc-Antoine Pouliot.
1:15 of 2nd period - Shot Blocked by Marc-André Bergeron.
1:17 of 2nd period - Snap shot by Keaton Ellerby.
1:17 of 2nd period - Stopped by Karri Ramo with a rebound.
1:19 of 2nd period - Wrist shot by Marc-Antoine Pouliot.
1:19 of 2nd period - Stopped by Karri Ramo with a rebound.
1:43 of 2nd period - Wrist shot by Kirk Maltby.
1:43 of 2nd period - Shot Misses the Net.
1:53 of 2nd period - Snap shot by Kirk Maltby.
1:53 of 2nd period - Stopped by Marc Denis without a rebound.
1:54 of 2nd period - Martin Samuelsson wins face-off versus Alyn McCauley in Spitfire zone.
1:54 of 2nd period - Martin Samuelsson is hit by Alyn McCauley.
2:06 of 2nd period - Jassen Cullimore is hit by David Krejci and loses puck.
2:19 of 2nd period - Matt Walker is hit by Mike Grier and loses puck.
2:46 of 2nd period - Minor Penalty to Kris Chucko for Cross-checking.
2:47 of 2nd period - Mike Grier wins face-off versus Ryan Callahan in Punishers zone.
3:02 of 2nd period - Slapshot by Ryan Callahan.
3:02 of 2nd period - Stopped by Karri Ramo without a rebound.
3:03 of 2nd period - Mike Grier wins face-off versus Brandon Dubinsky in Punishers zone.
3:34 of 2nd period - Mark Fraser is hit by Martin Samuelsson and loses puck.
4:43 of 2nd period - Keaton Ellerby is hit by Jimmie Olvestad and loses puck.
4:46 of 2nd period - Penalty to Kris Chucko is over, Kris Chucko is back on ice.
4:56 of 2nd period - Mike Blunden is hit by Erik Condra and loses puck.
5:05 of 2nd period - Snap shot by Kris Beech.
5:05 of 2nd period - Shot Misses the Net.
5:57 of 2nd period - Backhand shot by Jean-Luc Grand-Pierre.
5:57 of 2nd period - Shot Blocked by Sandis Ozolinsh.
7:39 of 2nd period - Minor Penalty to Erik Condra for Roughing.
7:40 of 2nd period - Dave Bolland wins face-off versus Ryan Callahan in Spitfire zone.
7:51 of 2nd period - Wrist shot by Viktor Stalberg.
7:51 of 2nd period - Stopped by Marc Denis with a rebound.
7:53 of 2nd period - Snap shot by Jean-Luc Grand-Pierre.
7:53 of 2nd period - Shot Misses the Net.
7:55 of 2nd period - Wrist shot by Mike Grier.
7:55 of 2nd period - Stopped by Marc Denis with a rebound.
8:23 of 2nd period - Marc-André Bergeron is hit by Brandon Dubinsky and loses puck.
8:31 of 2nd period - Icing by Chris Conner.
8:32 of 2nd period - Sergei Brylin wins face-off versus Alyn McCauley in Punishers zone.
8:57 of 2nd period - Slapshot by Martin Samuelsson.
8:57 of 2nd period - Shot Misses the Net.
9:39 of 2nd period - Penalty to Erik Condra is over, Erik Condra is back on ice.
9:49 of 2nd period - Snap shot by Adam Pineault.
9:49 of 2nd period - Shot Misses the Net.
9:51 of 2nd period - Snap shot by Jassen Cullimore.
9:51 of 2nd period - Deflect By Adam Pineault.
9:51 of 2nd period - Stopped by Marc Denis with a rebound.
9:53 of 2nd period - Snap shot by Petteri Nokelainen.
9:53 of 2nd period - Goal by Petteri Nokelainen - Spitfire : 0 - Punishers : 3.
9:54 of 2nd period - Brandon Dubinsky wins face-off versus Dave Bolland in neutral zone.
9:54 of 2nd period - Brandon Dubinsky is hit by Viktor Stalberg.
10:05 of 2nd period - Off-side.
10:06 of 2nd period - Dave Bolland wins face-off versus Brandon Dubinsky in neutral zone.
10:31 of 2nd period - Snap shot by David Krejci.
10:31 of 2nd period - Stopped by Karri Ramo without a rebound.
10:32 of 2nd period - Alyn McCauley wins face-off versus David Krejci in Punishers zone.
10:32 of 2nd period - Alyn McCauley is hit by Denis Shvidki.
11:49 of 2nd period - Snap shot by Kris Chucko.
11:49 of 2nd period - Goal by Kris Chucko - Spitfire : 0 - Punishers : 4.
11:49 of 2nd period - Yann Danis enters game.
11:50 of 2nd period - Brandon Dubinsky wins face-off versus Dave Bolland in neutral zone.
12:24 of 2nd period - Snap shot by Alyn McCauley.
12:24 of 2nd period - Shot Misses the Net.
12:26 of 2nd period - Wrist shot by Alyn McCauley.
12:26 of 2nd period - Shot Misses the Net.
12:40 of 2nd period - Tim Kennedy is hit by Adam Pineault and loses puck.
13:03 of 2nd period - Slapshot by Marc-Antoine Pouliot.
13:03 of 2nd period - Stopped by Karri Ramo without a rebound.
13:04 of 2nd period - Brandon Dubinsky wins face-off versus Dave Bolland in Punishers zone.
13:07 of 2nd period - Wrist shot by Ryan Callahan.
13:07 of 2nd period - Shot Blocked by Dave Bolland.
13:09 of 2nd period - Slapshot by Sergei Brylin.
13:09 of 2nd period - Shot Misses the Net.
13:13 of 2nd period - Wrist shot by Ryan Callahan.
13:13 of 2nd period - Goal by Ryan Callahan - Spitfire : 1 - Punishers : 4.
13:14 of 2nd period - Brandon Dubinsky wins face-off versus Dave Bolland in neutral zone.
13:39 of 2nd period - Alyn McCauley is hit by Keaton Ellerby and loses puck.
14:00 of 2nd period - Wrist shot by Denis Shvidki.
14:00 of 2nd period - Deflect By Tim Kennedy.
14:00 of 2nd period - Shot Blocked by Mike Weber.
14:00 of 2nd period - Puck is out of play.
14:01 of 2nd period - Petteri Nokelainen wins face-off versus Tim Kennedy in Punishers zone.
15:26 of 2nd period - Wrist shot by Tim Kennedy.
15:26 of 2nd period - Shot Blocked by Adam McQuaid.
15:27 of 2nd period - Minor Penalty to Mathieu Roy for High sticking.
15:28 of 2nd period - Sergei Brylin wins face-off versus Dave Bolland in Spitfire zone.
15:43 of 2nd period - Snap shot by Ryan Callahan.
15:43 of 2nd period - Shot Misses the Net.
17:13 of 2nd period - Marc-André Bergeron is hit by Martin Samuelsson and loses puck.
17:27 of 2nd period - Penalty to Mathieu Roy is over, Mathieu Roy is back on ice.
17:34 of 2nd period - Kirk Maltby is hit by Brad Staubitz and loses puck.
17:57 of 2nd period - Kris Chucko is hit by Mathieu Roy and loses puck.
18:54 of 2nd period - Tim Kennedy is hit by Alyn McCauley and loses puck.
19:31 of 2nd period - Justin Falk is hit by Sergei Brylin.
19:37 of 2nd period - Snap shot by Sergei Brylin.
19:37 of 2nd period - Deflect By Ryan Callahan.
19:37 of 2nd period - Stopped by Karri Ramo with a rebound.
19:39 of 2nd period - Slapshot by Mathieu Roy.
19:39 of 2nd period - Deflect By Brandon Dubinsky.
19:39 of 2nd period - Shot Blocked by Dave Bolland.
19:39 of 2nd period - Puck is out of play.
19:40 of 2nd period - Petteri Nokelainen wins face-off versus Martin Samuelsson in Punishers zone.
3rd period
0:01 of 3rd period - Dave Bolland wins face-off versus Brandon Dubinsky in neutral zone.
0:06 of 3rd period - Slapshot by Jassen Cullimore.
0:06 of 3rd period - Stopped by Yann Danis with a rebound.
0:12 of 3rd period - Snap shot by Dave Bolland.
0:12 of 3rd period - Shot Misses the Net.
0:18 of 3rd period - Mark Fraser is hit by Sergei Brylin and loses puck.
0:33 of 3rd period - Snap shot by Sandis Ozolinsh.
0:33 of 3rd period - Stopped by Karri Ramo without a rebound.
0:34 of 3rd period - Alyn McCauley wins face-off versus Kris Beech in Punishers zone.
0:34 of 3rd period - Alyn McCauley is hit by Kris Beech.
0:56 of 3rd period - Icing by Kris Beech.
0:57 of 3rd period - Brandon Dubinsky wins face-off versus Petteri Nokelainen in Spitfire zone.
1:04 of 3rd period - Wrist shot by Adam Pineault.
1:04 of 3rd period - Shot Blocked by Keaton Ellerby.
1:06 of 3rd period - Slapshot by Kirk Maltby.
1:06 of 3rd period - Shot Misses the Net.
1:08 of 3rd period - Slapshot by Mark Fraser.
1:08 of 3rd period - Deflect By Petteri Nokelainen.
1:08 of 3rd period - Stopped by Yann Danis with a rebound.
1:10 of 3rd period - Slapshot by Kirk Maltby.
1:10 of 3rd period - Shot Blocked by Mathieu Roy.
1:12 of 3rd period - Slapshot by Jassen Cullimore.
1:12 of 3rd period - Stopped by Yann Danis with a rebound.
1:28 of 3rd period - Snap shot by Dave Bolland.
1:28 of 3rd period - Shot Misses the Net.
1:30 of 3rd period - Snap shot by Mike Grier.
1:30 of 3rd period - Goal by Mike Grier - Spitfire : 1 - Punishers : 5.
1:31 of 3rd period - Dave Bolland wins face-off versus Brandon Dubinsky in neutral zone.
1:33 of 3rd period - Minor Penalty to Sergei Brylin for Interference.
1:34 of 3rd period - Dave Bolland wins face-off versus Tim Kennedy in Spitfire zone.
1:40 of 3rd period - Minor Penalty to Tim Kennedy for Holding.
1:41 of 3rd period - Brandon Dubinsky wins face-off versus Dave Bolland in Spitfire zone.
1:50 of 3rd period - Slapshot by Jassen Cullimore.
1:50 of 3rd period - Deflect By Dave Bolland.
1:50 of 3rd period - Shot Misses the Net.
1:50 of 3rd period - Puck is out of play.
1:51 of 3rd period - Brandon Dubinsky wins face-off versus Dave Bolland in Spitfire zone.
1:56 of 3rd period - Slapshot by Sandis Ozolinsh.
1:56 of 3rd period - Shot Misses the Net.
2:06 of 3rd period - Snap shot by Brandon Dubinsky.
2:06 of 3rd period - Shot Misses the Net.
2:16 of 3rd period - Slapshot by Jassen Cullimore.
2:16 of 3rd period - Deflect By Viktor Stalberg.
2:16 of 3rd period - Shot Blocked by Matt Walker.
2:16 of 3rd period - Puck is out of play.
2:17 of 3rd period - Brandon Dubinsky wins face-off versus Chris Conner in Spitfire zone.
2:39 of 3rd period - Icing by Adam McQuaid.
2:40 of 3rd period - Brandon Dubinsky wins face-off versus Dave Bolland in Punishers zone.
2:49 of 3rd period - Backhand shot by Jean-Luc Grand-Pierre.
2:49 of 3rd period - Deflect By Brandon Dubinsky.
2:49 of 3rd period - Stopped by Yann Danis with a rebound.
2:51 of 3rd period - Slapshot by Adam McQuaid.
2:51 of 3rd period - Shot Blocked by Sandis Ozolinsh.
2:53 of 3rd period - Wrist shot by Jimmie Olvestad.
2:53 of 3rd period - Goal by Jimmie Olvestad - Spitfire : 1 - Punishers : 6.
2:54 of 3rd period - Dave Bolland wins face-off versus Sergei Brylin in neutral zone.
3:05 of 3rd period - Snap shot by Mike Grier.
3:05 of 3rd period - Stopped by Yann Danis with a rebound.
3:07 of 3rd period - Slapshot by Jassen Cullimore.
3:07 of 3rd period - Stopped by Yann Danis with a rebound.
3:40 of 3rd period - Penalty to Tim Kennedy is over, Tim Kennedy is back on ice.
4:24 of 3rd period - Icing by Sandis Ozolinsh.
4:25 of 3rd period - Dave Bolland wins face-off versus Marc-Antoine Pouliot in Spitfire zone.
4:42 of 3rd period - Backhand shot by Marc-Antoine Pouliot.
4:42 of 3rd period - Shot Misses the Net.
4:44 of 3rd period - Snap shot by Paul Bissonnette.
4:44 of 3rd period - Stopped by Karri Ramo with a rebound.
4:46 of 3rd period - Slapshot by Marc-Antoine Pouliot.
4:46 of 3rd period - Shot Misses the Net.
5:16 of 3rd period - Slapshot by Sandis Ozolinsh.
5:16 of 3rd period - Shot Blocked by Jean-Luc Grand-Pierre.
5:18 of 3rd period - Snap shot by Brad Staubitz.
5:18 of 3rd period - Goal by Brad Staubitz - Spitfire : 2 - Punishers : 6.
5:19 of 3rd period - Alyn McCauley wins face-off versus Brandon Dubinsky in neutral zone.
5:41 of 3rd period - Icing by Brandon Dubinsky.
5:42 of 3rd period - Petteri Nokelainen wins face-off versus Brandon Dubinsky in Spitfire zone.
5:53 of 3rd period - Wrist shot by Sergei Brylin.
5:53 of 3rd period - Shot Blocked by Mike Weber.
5:59 of 3rd period - Slapshot by Brandon Dubinsky.
5:59 of 3rd period - Stopped by Karri Ramo with a rebound.
6:01 of 3rd period - Slapshot by Sergei Brylin.
6:01 of 3rd period - Stopped by Karri Ramo without a rebound.
6:02 of 3rd period - David Krejci wins face-off versus Alyn McCauley in Punishers zone.
6:18 of 3rd period - Icing by Denis Shvidki.
6:19 of 3rd period - Mike Grier wins face-off versus David Krejci in Spitfire zone.
6:46 of 3rd period - Slapshot by Sergei Brylin.
6:46 of 3rd period - Stopped by Karri Ramo without a rebound.
6:47 of 3rd period - Chris Conner wins face-off versus Brandon Dubinsky in Punishers zone.
7:00 of 3rd period - Wrist shot by Chris Conner.
7:00 of 3rd period - Shot Blocked by Brandon Dubinsky.
7:37 of 3rd period - Slapshot by Sandis Ozolinsh.
7:37 of 3rd period - Shot Misses the Net.
7:58 of 3rd period - Icing by Sandis Ozolinsh.
7:59 of 3rd period - Brandon Dubinsky wins face-off versus Dave Bolland in Spitfire zone.
7:59 of 3rd period - Brandon Dubinsky is hit by Dave Bolland.
8:06 of 3rd period - Sandis Ozolinsh is hit by Mike Weber and loses puck.
8:15 of 3rd period - Snap shot by Sergei Brylin.
8:15 of 3rd period - Stopped by Karri Ramo without a rebound.
8:16 of 3rd period - Jimmie Olvestad wins face-off versus David Krejci in Punishers zone.
8:22 of 3rd period - Alyn McCauley and Martin Samuelsson fight to a draw.
8:22 of 3rd period - Penalty to Alyn McCauley for Fighting.
8:22 of 3rd period - Penalty to Martin Samuelsson for Fighting.
8:23 of 3rd period - Dave Bolland wins face-off versus Brandon Dubinsky in Punishers zone.
8:56 of 3rd period - Snap shot by Jimmie Olvestad.
8:56 of 3rd period - Shot Misses the Net.
9:07 of 3rd period - Icing by David Krejci.
9:08 of 3rd period - Joe Vitale wins face-off versus Marc-Antoine Pouliot in Spitfire zone.
9:09 of 3rd period - Slapshot by Jassen Cullimore.
9:09 of 3rd period - Shot Misses the Net.
9:37 of 3rd period - Backhand shot by Ryan Callahan.
9:37 of 3rd period - Stopped by Karri Ramo without a rebound.
9:38 of 3rd period - Dave Bolland wins face-off versus Brandon Dubinsky in Punishers zone.
9:57 of 3rd period - Wrist shot by Viktor Stalberg.
9:57 of 3rd period - Goal by Viktor Stalberg - Spitfire : 2 - Punishers : 7.
9:58 of 3rd period - Brandon Dubinsky wins face-off versus Dave Bolland in neutral zone.
10:01 of 3rd period - Slapshot by Matt Walker.
10:01 of 3rd period - Stopped by Karri Ramo without a rebound.
10:02 of 3rd period - Brandon Dubinsky wins face-off versus Dave Bolland in Punishers zone.
10:03 of 3rd period - Wrist shot by Sergei Brylin.
10:03 of 3rd period - Shot Misses the Net.
10:12 of 3rd period - Mike Grier and Sergei Brylin fight to a draw.
10:12 of 3rd period - Penalty to Mike Grier for Fighting.
10:12 of 3rd period - Penalty to Sergei Brylin for Fighting.
10:12 of 3rd period - Penalty to Sergei Brylin for instigated a fight.
10:12 of 3rd period - Penalty to Sergei Brylin for instigated a fight.
10:13 of 3rd period - Dave Bolland wins face-off versus Tim Kennedy in Spitfire zone.
12:12 of 3rd period - Penalty to Sergei Brylin is over, Brad Staubitz is send on ice.
12:50 of 3rd period - Kirk Maltby is hit by Tim Kennedy.
13:02 of 3rd period - Mike Weber is hit by Sandis Ozolinsh and loses puck.
13:53 of 3rd period - Joe Vitale is hit by Tim Kennedy and loses puck.
14:16 of 3rd period - Denis Shvidki is hit by Mike Blunden and loses puck.
14:20 of 3rd period - Icing by Aaron Johnson.
14:21 of 3rd period - Alyn McCauley wins face-off versus David Krejci in Spitfire zone.
14:24 of 3rd period - Snap shot by Alyn McCauley.
14:24 of 3rd period - Deflect By David Krejci.
14:24 of 3rd period - Shot Misses the Net.
14:24 of 3rd period - Puck is out of play.
14:25 of 3rd period - Alyn McCauley wins face-off versus Kris Beech in Spitfire zone.
14:36 of 3rd period - Snap shot by Alyn McCauley.
14:36 of 3rd period - Stopped by Yann Danis with a rebound.
14:38 of 3rd period - Snap shot by Chris Conner.
14:38 of 3rd period - Stopped by Yann Danis without a rebound.
14:39 of 3rd period - Dave Bolland wins face-off versus Brandon Dubinsky in Spitfire zone.
14:50 of 3rd period - Snap shot by Viktor Stalberg.
14:50 of 3rd period - Shot Misses the Net.
14:52 of 3rd period - Snap shot by Viktor Stalberg.
14:52 of 3rd period - Shot Blocked by Brandon Dubinsky.
14:54 of 3rd period - Snap shot by Dave Bolland.
14:54 of 3rd period - Deflect By Ryan Callahan.
14:54 of 3rd period - Goal by Dave Bolland - Spitfire : 2 - Punishers : 8.
14:55 of 3rd period - Brandon Dubinsky wins face-off versus Dave Bolland in neutral zone.
15:10 of 3rd period - Minor Penalty to Dave Bolland for Slashing.
15:11 of 3rd period - Kris Chucko wins face-off versus Kris Beech in Punishers zone.
15:11 of 3rd period - Kris Chucko is hit by Brandon Dubinsky.
15:12 of 3rd period - Penalty to Mike Grier is over, Mike Grier is back on ice.
15:48 of 3rd period - Wrist shot by Denis Shvidki.
15:48 of 3rd period - Stopped by Karri Ramo with a rebound.
17:10 of 3rd period - Penalty to Dave Bolland is over, Dave Bolland is back on ice.
17:10 of 3rd period - Jean-Luc Grand-Pierre is hit by Keaton Ellerby and loses puck.
17:21 of 3rd period - Mike Weber is hit by Kris Beech and loses puck.
17:41 of 3rd period - Jassen Cullimore is hit by Erik Condra and loses puck.
18:16 of 3rd period - Marc-André Bergeron is hit by Marc-Antoine Pouliot and loses puck.
18:43 of 3rd period - Martin Samuelsson is hit by Viktor Stalberg and loses puck.
18:52 of 3rd period - Keaton Ellerby is hit by Mike Weber and loses puck.
19:19 of 3rd period - Wrist shot by Kirk Maltby.
19:19 of 3rd period - Stopped by Yann Danis with a rebound.
19:36 of 3rd period - Marc-André Bergeron is hit by David Krejci and loses puck.
Output by the SimonT Hockey Simulator (STHS) for François Prévost -- Original Page W3C XHTML 1.0 Valid